 Dungeon Crawl Stone Soup version 0.24.0-2-g5b39cebb1c (webtiles) character file.

Game seed: 4598925284527178793, levelgen mode: deterministic

7891 wullow the Slicer (level 11, -1/79 HPs)
             Began as a Merfolk Venom Mage on Oct 31, 2019.
             Was a Believer of Wu Jian.
             Slain by a wight
             ... wielding a +0 mace
              (7 damage)
             ... on level 9 of the Dungeon.
             The game lasted 00:46:44 (13393 turns).

wullow the Slicer (Merfolk Venom Mage)             Turns: 13393, Time: 00:46:45

Health: -1/79      AC:  7    Str:  7    XL:     11   Next: 22%
Magic:  22/22      EV: 13    Int: 16    God:    Wu Jian [**....]
Gold:   432        SH:  0    Dex: 17    Spells: 19/25 levels left

rFire    . . .     SeeInvis +   N - +1 dagger (venom)
rCold    + . .     Gourm    .   (no shield)
rNeg     . . .     Faith    .   H - +3 leather armour of the Game of Kings {rC+ Str+3}
rPois    +         Spirit   .   y - +0 helmet of Patadd {rPois MR+ Str-4 SInv}
rElec    .         Reflect  .   (no cloak)
rCorr    .         Harm     .   (no gloves)
MR       +....                  (no boots)
Stlth    ++........             (no amulet)
HPRegen  0.23/turn              (no ring)
MPRegen  0.18/turn              (no ring)

@: very heavily drained
A: change form in water, swift swim, stealthy swim
a: Wall Jump, Renounce Religion


You were on level 9 of the Dungeon.
You worshipped Wu Jian.
Wu Jian was pleased with you.
You were very hungry.

You visited 2 branches of the dungeon, and saw 12 of its levels.

You collected 432 gold pieces.

Inventory:

Hand Weapons
 i - a +0 hunting sling
 s - a +0 dagger
 v - a +3 flail of venom
 x - a +1 short sword of speed
 K - a +2 dagger of holy wrath
 N - a +1 dagger of venom (weapon)
 R - the +3 hand crossbow of Putrescence {elec, rF+ MR+, unknown}
   (You found it on level 9 of the Dungeon)

   It charges the ammunition it shoots with electricity; occasionally upon a
   hit, such missiles may discharge and cause terrible harm.
   It protects you from fire.
   It affects your resistance to hostile enchantments.
Missiles
 l - 249 stones
 m - 191 arrows
 r - 27 poisoned darts (quivered)
 t - 85 sling bullets
 G - 5 atropa-tipped darts
Armour
 a - a +0 robe
 y - the +0 helmet of Patadd (worn) {rPois MR+ Str-4 SInv}
   (You found it on level 4 of the Dungeon)

   It affects your strength (-4).
   It protects you from poison.
   It affects your resistance to hostile enchantments.
   It lets you see invisible.
 H - the +3 leather armour of the Game of Kings (worn) {rC+ Str+3}
   (You found it on level 6 of the Dungeon)

   It affects your strength (+3).
   It protects you from cold.
Jewellery
 p - an uncursed amulet of faith {unknown}
Wands
 e - a wand of acid (10)
 g - a wand of disintegration (25)
 z - a wand of iceblast (9)
 C - a wand of polymorph (10)
 D - a wand of flame (23)
 I - a wand of random effects (62)
 J - a wand of digging (6)
 M - a wand of paralysis (21)
Scrolls
 f - a scroll of immolation
 q - a scroll of remove curse
 B - 2 scrolls of fog
 E - a scroll of enchant armour {unknown}
 L - 2 scrolls of noise {unknown}
 O - a scroll of holy word {unknown}
 T - 2 scrolls of identify
Potions
 b - 2 potions of heal wounds
 d - 4 potions of lignification
 h - a potion of magic {unknown}
 j - 4 potions of curing
 k - 3 potions of agility {unknown}
 n - 2 potions of brilliance {unknown}
 o - 2 potions of haste
 u - a potion of ambrosia {unknown}
 w - a potion of resistance {unknown}
 A - a potion of might {unknown}
 F - a potion of berserk rage {unknown}
 P - a potion of invisibility
 S - a potion of mutation {unknown}
Comestibles
 c - 18 rations


   Skills:
 - Level 5.0(0.5) Fighting
 + Level 9.4(4.2) Short Blades
 + Level 8.0(3.0) Dodging
 + Level 7.5(2.6) Stealth
 * Level 7.7(2.7) Spellcasting
 - Level 3.0(0.0) Conjurations
 - Level 4.0(0.0) Air Magic
 - Level 7.0(2.2) Poison Magic


You had 19 spell levels left.
You knew the following spells:

 Your Spells              Type           Power        Failure   Level  Hunger
a - Sting                 Conj/Pois      #...         19%         1    #......
b - Poisonous Vapours     Pois/Air       #.....       28%         2    ##.....
c - Mephitic Cloud        Conj/Pois/Air  #.......     54%         3    ###....

Your spell library contained the following spells:

 Spells                   Type           Power        Failure   Level  Hunger
 Animate Skeleton         Necr           N/A          28%         1    #......
 Pain                     Necr           #...         28%         1    #......
 Regeneration             Chrm/Necr      #.........   65%         3    ###....
 Vampiric Draining        Necr           #.........   65%         3    ###....
 Olgreb's Toxic Radiance  Pois           #.......     75%         4    #####..
 Animate Dead             Necr           N/A          96%         4    #####..
 Venom Bolt               Conj/Pois      #.........   99%         5    ######.


Dungeon Overview and Level Annotations

Branches:
Dungeon (11/15)            Temple (1/1) D:5            Lair (0/6) D:9
    Orc: D:9-12

Altars:
Ashenzari
Cheibriados
Dithmenos
Elyvilon
Fedhas
Gozag
Hepliaklqana
Kikubaaqudgha
Makhleb
Nemelex Xobeh
Okawaru
Qazlal
Ru
Sif Muna
Trog
Uskayaw
Vehumet
Wu Jian
Xom
Yredelemnul
Zin
The Shining One

Shops:
D:4 %(

Annotations:
D:9 exclusion: hungry ghost


Message History

The wight is severely damaged.
The wight barely misses you.
You hit the wight but do no damage.
The wight is severely damaged.
The wight closely misses you.
You hit the wight but do no damage.
The wight is severely damaged.
You hit the wight but do no damage.
The wight is severely damaged.
The wight hits you with a +0 mace.
* * * LOW HITPOINT WARNING * * *
You hit the wight.
The wight is severely damaged.
The wight closely misses you.
You hit the wight but do no damage.
The wight is severely damaged.
You hit the wight but do no damage.
The wight is severely damaged.
The wight hits you with a +0 mace!
You die...

...........# #............##_.
...........## #...........###.#
............# #..........######
............## #.........###....
.............# #........####....
.............####........# #.....
.............).##.......####.....
#............#..#......## #......
#####........##z@.....## #......
######...####....## #...... #####
##..## #...... ###### ##..##
#...... .....#### ###...# #......
........### ####.....#####......
..........####......)...##......#
..........................#...###
..................<..##..######


You could see a wight.

Vanquished Creatures
  2 two-headed ogres (D:9)
  Pikel (D:4)
  A centaur zombie (D:11)
  6 yaks (D:11)
  A steam dragon (D:9)
  Edmund (D:4)
  A water moccasin (D:6)
  Duvessa (D:4)
  2 ice beasts
  4 sky beasts
  An eye of draining (D:9)
  A phantom (D:8)
  3 ogres
  4 orc warriors
  7 centaurs
  3 bullfrogs
  A wyvern zombie (D:8)
  A water moccasin zombie (D:9)
  2 scorpions
  6 killer bees
  3 wights (D:9)
  2 howler monkeys
  3 crimson imps
  A bullfrog zombie (D:8)
  A gnoll shaman (D:4)
  6 orc priests
  2 quasits
  4 hounds
  9 orc wizards
  4 bullfrog skeletons
  2 centaur skeletons
  Jessica (D:3)
  An iguana (D:4)
  6 worker ants
  A hound skeleton (D:4)
  A worker ant zombie (D:4)
  6 gnolls
  15 adders
  A shadow imp (D:11)
  2 adder zombies
  An adder skeleton (D:9)
  4 worms
  2 dart slugs
  4 leopard geckos
  30 orcs
  3 ball pythons
  5 bats
  A giant cockroach (D:4)
  10 goblins
  7 hobgoblins
  A jackal (D:2)
  5 quokkas
  4 frilled lizards
  A jackal skeleton (D:8)
  4 kobolds
  2 quokka skeletons (D:4)
  9 rats
213 creatures vanquished.

Vanquished Creatures (others)
  Dowan (D:4)
  An orc (D:4)
  A plant (D:10)
3 creatures vanquished.

Grand Total: 216 creatures vanquished

Notes
Turn   | Place    | Note
-------+----------+-------------------------------------------
     0 | D:1      | wullow the Merfolk Venom Mage began the quest for the Orb.
     0 | D:1      | Reached XP level 1. HP: 13/13 MP: 3/3
   358 | D:1      | Reached skill level 1 in Conjurations
   358 | D:1      | Reached XP level 2. HP: 19/19 MP: 0/5
   372 | D:1      | Learned a level 2 spell: Poisonous Vapours
   991 | D:2      | Reached XP level 3. HP: 24/24 MP: 4/6
  1019 | D:2      | Learned a level 3 spell: Mephitic Cloud
  1130 | D:2      | Reached skill level 1 in Short Blades
  1719 | D:3      | Reached XP level 4. HP: 29/31 MP: 2/7
  1816 | D:3      | Reached skill level 1 in Air Magic
  2003 | D:3      | Noticed Jessica
  2012 | D:3      | Killed Jessica
  2012 | D:3      | Reached skill level 1 in Fighting
  2395 | D:3      | Reached XP level 5. HP: 37/37 MP: 4/9
  2457 | D:3      | Reached skill level 2 in Short Blades
  3313 | D:4      | Reached XP level 6. HP: 39/43 MP: 10/10
  3385 | D:4      | Found a hide-covered altar of Uskayaw.
  3457 | D:4      | Noticed Edmund
  3498 | D:4      | Killed Edmund
  3498 | D:4      | Reached skill level 3 in Short Blades
  3498 | D:4      | Reached skill level 5 in Poison Magic
  3899 | D:4      | Reached XP level 7. HP: 43/48 MP: 7/12
  3924 | D:4      | Found Odiho's Weapon Shop.
  3934 | D:4      | Got a dazzling helmet
  3968 | D:4      | Noticed Dowan
  3973 | D:4      | Noticed Duvessa
  3980 | D:4      | Killed Duvessa
  4311 | D:4      | Reached skill level 4 in Short Blades
  4350 | D:4      | Noticed Pikel
  4371 | D:4      | Killed Pikel
  4371 | D:4      | Reached skill level 5 in Short Blades
  4371 | D:4      | Reached XP level 8. HP: 46/54 MP: 1/14
  4398 | D:4      | Killed Dowan
  4475 | D:4      | Found Umyeriajoi's Food Shop.
  4523 | D:4      | Found a basalt altar of Yredelemnul.
  4784 | D:5      | Entered Level 5 of the Dungeon
  4889 | D:5      | Found a staircase to the Ecumenical Temple.
  4913 | Temple   | Entered the Ecumenical Temple
  4986 | Temple   | Became a worshipper of the Wu Jian Council
  5168 | D:5      | Found a stormy altar of Qazlal.
  5546 | D:6      | Got a spiked leather armour
  5552 | D:6      | Identified the +0 helmet of Patadd {rPois MR+ Str-4 SInv}
                  | (You found it on level 4 of the Dungeon)
  5562 | D:6      | Identified the +3 leather armour of the Game of Kings {rC+
                  | Str+3} (You found it on level 6 of the Dungeon)
  5986 | D:6      | Reached skill level 5 in Spellcasting
  6028 | D:6      | Reached XP level 9. HP: 62/62 MP: 3/16
  6074 | D:6      | Reached skill level 6 in Short Blades
  6245 | D:6      | Found an iron altar of Okawaru.
  6383 | D:6      | Reached * piety under Wu Jian
  7630 | D:7      | Found a glowing golden altar of the Shining One.
  7663 | D:7      | Found a bloodstained altar of Trog.
  7780 | D:7      | Reached skill level 5 in Dodging
  7833 | D:7      | Reached skill level 5 in Stealth
  7866 | D:8      | Reached skill level 7 in Short Blades
  8439 | D:8      | Found a shimmering blue altar of Sif Muna.
  8593 | D:8      | Found a hazy altar of Hepliaklqana.
  8598 | D:8      | Reached XP level 10. HP: 73/73 MP: 4/17
  8627 | D:8      | Reached ** piety under Wu Jian
  8837 | D:8      | Reached skill level 8 in Short Blades
  8982 | D:8      | Found a shadowy altar of Dithmenos.
  9518 | D:9      | You fall into a shaft and drop 2 floors!
  9571 | D:11     | Reached skill level 5 in Fighting
 10677 | D:11     | Noticed a gargoyle
 11255 | D:10     | Entered Level 10 of the Dungeon
 11918 | D:9      | Reached skill level 9 in Short Blades
 11930 | D:9      | Got a fine hand crossbow
 12036 | D:9      | Found a staircase to the Lair.
 12036 | D:9      | Noticed a two-headed ogre
 12057 | D:9      | Killed a two-headed ogre
 12057 | D:9      | Reached XP level 11. HP: 49/79 MP: 14/22
 12479 | D:9      | Found a hazy altar of Hepliaklqana.
 12480 | D:9      | Found a radiant altar of Vehumet.
 12620 | D:9      | Noticed a two-headed ogre
 12641 | D:9      | Killed a two-headed ogre
 13393 | D:9      | Slain by a wight

Levels and vault maps discovered:
D:1:      dpeg_arrival_pits, layout_rooms
D:2:      kennysheep_six_static_rooms, layout_rooms, first_ration
D:3:      layout_basic, uniq_jessica
D:4:      layout_cave_pools, lemuel_crystal_altar, serial_shops,
          kennysheep_little_box, kennysheep_mini, yredelemnul_altar_generic,
          uniq_edmund, uniq_duvessa, uniq_pikel
D:5:      layout_cave_pools, nicolae_qazlal_general_emergency,
          minmay_temple_entry_grid
D:6:      layout_basic, okawaru_altar_gauntlet_db
D:7:      layout_cave_pools, tso_altar, kennysheep_mini_moat
D:8:      layout_cave_pods, nicolae_overflow_crystal_walls, basic_altar,
          nicolae_dithmenos_the_darkroom
D:9:      layout_cave_pods, gammafunk_temple_overflow_statue, lair_entry_dummy
D:10:     layout_loops_corners, blue_anna_alchemist [blue_anna_fruit_fields,
          blue_anna_fruit_fields], minmay_misc_feat_plants
D:11:     layout_roguey
Temple:   eino_temple_lava

Skill      XL: |  1  2  3  4  5  6  7  8  9 10 11 |
---------------+----------------------------------+-----
Conjurations   | 1 2 3 |  3.0
Dodging        | 3 4 5 7 8 |  8.0
Short Blades   | 1 2 3 5 7 9 |  9.4
Poison Magic   | 4 5 6 7 |  7.0
Air Magic      | 1 2 3 4 |  4.0
Fighting       | 1 2 4 5 |  5.0
Spellcasting   | 3 4 5 7 |  7.7
Stealth        | 3 5 7 |  7.5

Action                   |  1- 3 |  4- 6 |  7- 9 | 10-12 || total
-------------------------+-------+-------+-------+-------++-------
Melee: Unarmed           |    19 |       |       |       ||    19
       Short sword       |    24 |    95 |   268 |    88 ||   475
       Dagger            |       |       |    34 |   318 ||   352
Throw: Dart              |       |     3 |     1 |     6 ||    10
 Cast: Sting             |    52 |     8 |     3 |       ||    63
       Poisonous Vapours |     8 |    55 |   149 |   115 ||   327
       Mephitic Cloud    |       |       |     1 |       ||     1
Invok: Lunge             |       |       |    15 |     3 ||    18
       Whirlwind         |       |       |       |    12 ||    12
Evoke: Wand              |       |       |       |     1 ||     1
  Use: Scroll            |       |     1 |    10 |     3 ||    14
       Potion            |       |       |       |     1 ||     1
 Stab: Sleeping          |     1 |       |     1 |     1 ||     3
       Distracted        |       |       |     2 |       ||     2
       Confused          |       |       |     1 |       ||     1
  Eat: Chunk             |     4 |    10 |    19 |    11 ||    44
       Ration            |       |       |       |     1 ||     1
Armor: Robe              |     6 |    21 |    13 |       ||    40
       Leather armour    |       |       |    38 |    91 ||   129
Dodge: Dodged            |    26 |    86 |   163 |   232 ||   507
